AoeStats
← toul35

Arena

510392960Analyzed
4v4 RM · 21h ago on Sep 30, 2026· 43m 37s· 8 players
Game mode
Random Map
Map size
Large (8 player)
Population
200
Speed
Normal
Resources
Standard
Victory
Conquest
Starting age
Dark Age
Ending age
Imperial Age
RankedLock teamsTeams togetherTeam positionsShared explorationLock speedFull tech treeHidden civsTurbo modeCheats
Victory
Defeat
🇲🇦 Koreans · Morocco
1140
+13
🇫🇷 Poles · France
1132
+13
🇺🇦 Danes · Ukraine
1089
+15
🇧🇷 Lithuanians · Brazil
1061
+16
🇧🇷 Gurjaras · Brazil
1090
-15
🇧🇷 Spanish · Brazil
1083
-15
🇧🇷 Gurjaras · Brazil
1059
-14
🇧🇷 Italians · Brazil
1028
-13
Panic A-Move
11:14 Feudal Age
15:52 Castle Age
14:40 Double-Bit Axe
15:07 Horse Collar
15:44 Stone Mining
17:11 Wheelbarrow
17:17 Gold Mining
21:28 Loom
30:23 Gold Shaft Mining
30:24 Town Watch
33:03 Bow Saw
38:35 Imperial Age
37:16 Pikeman
37:43 Arson
38:01 Squires
38:14 Gambesons
40:26 Chemistry
38:55 Halberdier
42:55 Northmen's Fury
DeepBlue_
10:18 Feudal Age
15:31 Castle Age
13:58 Double-Bit Axe
14:32 Horse Collar
18:59 Scale Mail Armor
22:01 Loom
23:24 Forging
30:55 Bow Saw
36:42 Imperial Age
34:49 Gold Mining
35:23 Fletching
36:55 Gold Shaft Mining
37:33 Wheelbarrow
37:12 Stone Mining
38:07 Bodkin Arrow
43:36 Iron Casting
toul35
10:26 Feudal Age
15:55 Castle Age
14:00 Double-Bit Axe
14:08 Stone Mining
14:40 Horse Collar
15:49 Forging
20:24 Loom
26:58 Fletching
28:15 Wheelbarrow
31:40 Imperial Age
29:56 Bloodlines
30:32 Husbandry
32:41 Iron Casting
33:06 Conscription
33:04 Bow Saw
32:41 Cavalier
34:11 Bodkin Arrow
35:24 Hand Cart
36:32 Blast Furnace
35:39 Scale Barding Armor
36:22 Bracer
36:18 Town Watch
37:03 Szlachta Privileges
37:44 Lechitic Legacy
39:09 Chain Barding Armor
39:50 Scale Mail Armor
39:12 Pikeman
39:52 Squires
Coffee Break Golden
8:57 Feudal Age
9:03 Loom
13:14 Castle Age
11:39 Double-Bit Axe
13:30 Gold Mining
14:47 Bow Saw
16:15 Sanctity
16:57 Fervor
22:46 Redemption
24:37 Wheelbarrow
24:26 Town Watch
25:58 Hand Cart
30:37 Imperial Age
29:32 Stone Mining
31:07 Husbandry
31:19 Scale Barding Armor
31:17 Horse Collar
32:22 Guilds
33:33 Two-Man Saw
32:47 Forging
34:04 Iron Casting
33:54 Chain Barding Armor
34:06 Bloodlines
34:54 Fletching
36:16 Conscription
36:56 Plate Barding Armor
36:44 Block Printing
36:49 Elite Leitis
38:17 Theocracy
37:48 Capped Ram
38:35 Bodkin Arrow
38:45 Heavy Plow
40:38 Stone Shaft Mining
40:04 Bracer
40:20 Town Patrol
41:31 Herbal Medicine
43:29 Illumination
43:38 Squires
43:23 Arson
43:40 Padded Archer Armor
guilhermevw.eng
11:12 Feudal Age
15:33 Castle Age
14:24 Padded Archer Armor
14:48 Double-Bit Axe
14:56 Gold Mining
17:03 Leather Archer Armor
18:47 Crossbowman
24:07 Caravan
25:05 Scale Barding Armor
26:13 Bloodlines
26:36 Loom
27:27 Devotion
34:53 Gold Shaft Mining
34:11 Stone Mining
34:58 Wheelbarrow
37:04 Bow Saw
40:33 Imperial Age
39:11 Forging
Leon Lima
10:23 Loom
12:09 Feudal Age
17:11 Castle Age
16:23 Gold Mining
16:32 Stone Mining
29:00 Double-Bit Axe
31:59 Ballistics
36:12 Imperial Age
37:49 Stone Shaft Mining
39:40 Chemistry
40:29 Elite Conquistador
e_noque
7:13 Loom
12:31 Feudal Age
13:47 Double-Bit Axe
17:40 Forging
19:43 Scale Barding Armor
25:37 Castle Age
25:43 Crossbowman
26:29 Thumb Ring
28:22 Fletching
31:08 Bodkin Arrow
31:13 Padded Archer Armor
33:32 Leather Archer Armor
35:16 Ballistics
34:52 Murder Holes
mbchaves
10:39 Feudal Age
16:57 Castle Age
17:51 Double-Bit Axe
28:32 Wheelbarrow
27:41 Horse Collar
34:30 Imperial Age
33:07 Scale Barding Armor
33:12 Forging
33:45 Bloodlines
35:25 Heavy Camel Rider
36:07 Husbandry
36:45 Iron Casting
36:30 Chain Barding Armor
Connection lost

Rejoining the realm…

Still unreachable

The connection could not be restored.

Session expired

The server has moved on; the page needs a fresh start.